 Dungeon Crawl Stone Soup version 0.23.2-40-g277498a001 (webtiles) character file.

Game seed: 6618474690649244106

3479 Wolfess the Covert (level 9, -4/39 HPs)
             Began as a Spriggan Enchanter on Oct 1, 2019.
             Was an Initiate of Gozag.
             Killed from afar by a swamp worm (20 damage)
             ... with a harpoon shot
             ... on level 9 of the Dungeon on Oct 2, 2019.
             The game lasted 01:17:46 (11691 turns).

Wolfess the Covert (Spriggan Enchanter)            Turns: 11691, Time: 01:17:47

Health: -4/39      AC:  3    Str:  4    XL:     9   Next: 79%
Magic:  16/18      EV: 18    Int: 16    God:    Gozag
Gold:   768        SH:  0    Dex: 20    Spells: 13/19 levels left

rFire    . . .     SeeInvis +   a - +4 dagger
rCold    . . .     Gourm    .   (shield restricted)
rNeg     . . .     Faith    .   L - +0 robe
rPois    +         Spirit   .   (helmet restricted)
rElec    .         Reflect  .   y - +0 cloak
rCorr    .         Harm     .   (gloves unavailable)
MR       ++...                  (boots unavailable)
Stlth    ++++++....             u - amulet of regeneration
HPRegen  0.53/turn              h - ring of poison resistance
MPRegen  0.16/turn              I - ring of protection from magic

@: lethally poisoned (-4 -> -4), very quick
A: very small, unfitting armour, see invisible, herbivore, speed 3, slow
metabolism 2
a: Potion Petition, Call Merchant, Bribe Branch, Renounce Religion


You were on level 9 of the Dungeon.
You worshipped Gozag.
Gozag was pleased with you.
You were not hungry.

You visited 3 branches of the dungeon, and saw 11 of its levels.

You collected 871 gold pieces.
You paid 103 gold pieces to Gozag.

Inventory:

Hand Weapons
 a - a +4 dagger (weapon)
 b - a +0 blowgun
 N - a +2 short sword of freezing
Missiles
 e - 116 sling bullets
 q - 262 stones
 C - 25 poisoned needles (quivered)
Armour
 y - a +0 cloak (worn)
 L - a +0 robe (worn)
Jewellery
 h - a ring of poison resistance (left hand)
 u - an amulet of regeneration (around neck)
 I - a ring of protection from magic (right hand)
Wands
 p - a wand of random effects (38)
 z - a wand of paralysis (24)
 G - a wand of flame (23)
 K - a wand of iceblast (10)
Scrolls
 i - 2 scrolls of remove curse {unknown}
 l - 2 scrolls of identify
 n - 4 scrolls of magic mapping
 o - 7 scrolls of teleportation
 r - 2 scrolls of enchant weapon {unknown}
 B - a scroll of noise {unknown}
 E - a scroll of fog {unknown}
 F - 3 scrolls of immolation
 H - a scroll of silence {unknown}
 J - a scroll of brand weapon {unknown}
 M - a scroll of vulnerability {unknown}
Potions
 c - 2 potions of brilliance
 f - 2 potions of invisibility
 g - 5 potions of lignification
 j - a potion of resistance
 k - 2 potions of might
 s - 2 potions of heal wounds
 t - a potion of ambrosia {unknown}
 v - a potion of berserk rage {unknown}
 w - a potion of curing
 x - a potion of mutation {unknown}
 A - 2 potions of haste
 D - a potion of degeneration {unknown}
Comestibles
 d - 2 rations


   Skills:
 * Level 8.8 Short Blades
 - Level 3.0 Dodging
 * Level 13.8 Stealth
 + Level 5.8 Spellcasting
 - Level 8.0 Hexes


You had 13 spell levels left.
You knew the following spells:

 Your Spells              Type           Power        Failure   Level  Hunger
a - Corona                Hex            ####...      1%          1    None
b - Ensorcelled Hibernat  Hex/Ice        ###...       4%          2    #......
c - Confuse               Hex            ####....     1%          3    ##.....

Your spell library contained the following spells:

 Spells                   Type           Power        Failure   Level  Hunger
 Tukima's Dance           Hex            ####....     1%          3    ##.....
 Dazzling Spray           Conj/Hex       ###...       9%          3    ##.....
 Magic Dart               Conj           #...         14%         1    None
 Searing Ray              Conj           #.....       22%         2    #......
 Fulminant Prism          Conj/Hex       ###.......   26%         4    ####...
 Force Lance              Conj/Tloc      #.......     80%         4    ####...
 Iskenderun's Mystic Bla  Conj           #.......     80%         4    ####...


Dungeon Overview and Level Annotations

Branches:
Dungeon (9/15)             Temple (1/1) D:6            Lair (1/6) D:8
    Orc (0/2) D:9

Altars:
Ashenzari
Cheibriados
Dithmenos
Elyvilon
Fedhas
Gozag
Hepliaklqana
Makhleb
Nemelex Xobeh
Okawaru
Qazlal
Ru
Sif Muna
Trog
Uskayaw
Vehumet
Wu Jian
Yredelemnul
Zin
The Shining One

Shops:
D:9 (

Annotations:
D:8 exclusion: porcupine


Innate Abilities, Weirdness & Mutations

You are very small and have problems with some larger weapons.
You are too small for most types of armour.
You have supernaturally acute eyesight. (SInv)
You are a herbivore.
You cover ground extremely quickly.
You need to consume almost no food.


Message History

The killer bee closely misses you.
You feel sick. The killer bee completely misses you.
You feel sick. The killer bee closely misses you.
Found a stone staircase leading down.
You feel sick.
You feel sick. The killer bee closely misses you.
A swamp worm comes into view.
You feel sick. The killer bee stings you.
You feel sick.
A swamp worm comes into view. 2 swamp worms come into view.
The swamp worm throws harpoon shot at you.
The harpoon shot hits you!!
Ouch! That really hurt!
You die...
Your body crumbles into a pile of gold.

. #>.....#
#...
..###......#
#...
...........#
#...
...........#
#...
.###......##
....
#.......###
.....
#....≈w≈≈≈≈
#y.≈≈≈≈≈≈≈≈≈
#@≈≈≈#######
$ #.≈≈P#


#.≈≈PPwww $ $ #.≈≈P#≈≈≈ #.≈≈≈#### #..≈≈≈ #....≈≈ #......# You could see 4 swamp
worms and a killer bee.

Vanquished Creatures
  A troll (D:9)
  2 yaks (D:8)
  2 hungry ghosts
  3 porcupines (D:8)
  An ice beast (D:7)
  2 orc warriors (D:9)
  2 sky beasts
  A black bear (D:8)
  4 ogres
  2 big kobolds
  6 bullfrogs
  2 scorpions (D:8)
  3 crimson imps
  A bullfrog zombie (D:6)
  5 orc wizards
  2 orc priests
  2 hounds
  2 iguanas
  Ijyb (D:4)
  5 worker ants
  Natasha (twice) (D:4)
  A howler monkey zombie (D:8)
  Robin (D:2)
  A worker ant zombie (D:7)
  8 adders
  A shadow imp (D:8)
  An adder zombie (D:8)
  An adder skeleton (D:4)
  A worm (D:2)
  3 dart slugs
  3 leopard geckos
  21 orcs
  7 bats
  8 giant cockroaches
  14 goblins
  8 hobgoblins
  2 jackals (D:7)
  A quokka (D:7)
  3 frilled lizards
  A giant cockroach zombie (D:6)
  15 kobolds
  A quokka zombie (D:5)
  5 rats
  A fungus (D:8)
  A plant (D:8)
160 creatures vanquished.

Vanquished Creatures (others)
  16 fungi (D:8)
  4 plants (D:8)
20 creatures vanquished.

Grand Total: 180 creatures vanquished

Notes
Turn   | Place    | Note
-------+----------+-------------------------------------------
     0 | D:1      | Wolfess the Spriggan Enchanter began the quest for the Orb.
     0 | D:1      | Reached XP level 1. HP: 9/9 MP: 5/5
   184 | D:1      | Reached skill level 5 in Stealth
   238 | D:1      | Reached XP level 2. HP: 13/13 MP: 6/6
   259 | D:1      | Found a glowing golden altar of the Shining One.
   982 | D:2      | Found a glowing golden altar of the Shining One.
  1048 | D:2      | Reached XP level 3. HP: 10/16 MP: 8/8
  1469 | D:2      | Found an iron altar of Okawaru.
  1502 | D:2      | Reached skill level 6 in Stealth
  1877 | D:2      | Noticed Robin
  2814 | D:2      | Killed Robin
  2814 | D:2      | Reached XP level 4. HP: 20/21 MP: 9/9
  3514 | D:4      | Noticed Ijyb
  3582 | D:4      | Reached skill level 7 in Stealth
  3582 | D:4      | Reached XP level 5. HP: 13/24 MP: 10/10
  4441 | D:4      | Noticed Natasha
  4745 | D:3      | Learned a level 2 spell: Ensorcelled Hibernation
  4847 | D:4      | Noticed a phantom
  4852 | D:4      | Noticed an ogre
  5127 | D:4      | Killed Ijyb
  5127 | D:4      | Reached skill level 8 in Stealth
  5159 | D:4      | Killed an ogre
  5159 | D:4      | Reached XP level 6. HP: 28/28 MP: 11/11
  5164 | D:4      | Learned a level 3 spell: Confuse
  5557 | D:4      | Reached skill level 5 in Hexes
  5821 | D:4      | Killed Natasha
  5985 | D:5      | Entered Level 5 of the Dungeon
  6033 | D:4      | Noticed Natasha
  6038 | D:4      | Killed Natasha
  6673 | D:5      | Found a blossoming altar of Fedhas.
  6893 | D:6      | Reached skill level 9 in Stealth
  6893 | D:6      | Reached XP level 7. HP: 32/32 MP: 12/12
  6971 | D:6      | Reached skill level 5 in Short Blades
  7115 | D:6      | Found a staircase to the Ecumenical Temple.
  7145 | D:6      | Found a sacrificial altar of Ru.
  7154 | D:6      | Became a worshipper of Ru the Awakened
  7390 | Temple   | Entered the Ecumenical Temple
  7818 | D:7      | Found a shattered altar of Ashenzari.
  7938 | D:7      | Reached skill level 10 in Stealth
  8280 | D:7      | Reached XP level 8. HP: 36/36 MP: 13/13
  8527 | D:7      | Found an opulent altar of Gozag.
  8533 | D:7      | Fell from the grace of Ru
  8533 | D:7      | Became a worshipper of Gozag Ym Sagoz the Greedy
  8817 | D:7      | Reached skill level 11 in Stealth
  9390 | D:8      | Found a hazy altar of Hepliaklqana.
  9445 | D:8      | Found a staircase to the Lair.
  9594 | D:8      | Reached skill level 12 in Stealth
  9615 | D:8      | Reached XP level 9. HP: 39/39 MP: 7/16
 10197 | D:8      | Found a shattered altar of Ashenzari.
 10201 | D:8      | Found a white marble altar of Elyvilon.
 10203 | D:8      | Found a basalt altar of Yredelemnul.
 10267 | D:8      | Noticed a seven-headed hydra
 10432 | D:8      | Reached skill level 5 in Spellcasting
 11068 | Lair:1   | Entered Level 1 of the Lair of Beasts
 11164 | D:9      | Reached skill level 13 in Stealth
 11488 | D:9      | Noticed a troll
 11491 | D:9      | Killed a troll
 11526 | D:9      | Found a staircase to the Orcish Mines.
 11526 | D:9      | Found Fayfeu's Weapon Emporium.
 11691 | D:9      | Killed from afar by a swamp worm

Skill      XL: |  1  2  3  4  5  6  7  8  9 |
---------------+----------------------------+-----
Stealth        | 5 6 7 8 9 10 12 13 | 13.8
Hexes          | 4 5 6 7 8 |  8.0
Short Blades   | 2 4 5 7 8 |  8.8
Spellcasting   | 4 5 |  5.8
Dodging        | |  3.0

Action                   |  1- 3 |  4- 6 |  7- 9 || total
-------------------------+-------+-------+-------++-------
Melee: Dagger            |    80 |       |   102 ||   182
       Short sword       |   102 |   190 |   280 ||   572
 Fire: Blowgun           |       |       |    53 ||    53
Throw: Stone             |       |    26 |     6 ||    32
 Cast: Ensorcelled Hiber |       |     6 |    29 ||    35
       Confuse           |       |     6 |     7 ||    13
Invok: Potion Petition   |       |       |     1 ||     1
Evoke: Wand              |     3 |       |       ||     3
  Use: Scroll            |       |     5 |     5 ||    10
 Stab: Sleeping          |     8 |    11 |    26 ||    45
       Paralysed         |     1 |       |       ||     1
       Distracted        |       |     1 |     2 ||     3
       Confused          |       |     1 |     6 ||     7
  Eat: Ration            |       |     2 |     5 ||     7
Armor: Robe              |    11 |    10 |    24 ||    45
Dodge: Dodged            |   117 |   124 |   232 ||   473
